 Dungeon Crawl Stone Soup version 0.21.1-1-g345015fe64 (webtiles) character file.

187 JarielCorvus the Magician (level 5, -2/28 HPs)
             Began as a Deep Elf Fire Elementalist on July 19, 2018.
             Slain by a hound (5 damage)
             ... on level 4 of the Dungeon.
             The game lasted 00:13:23 (3318 turns).

JarielCorvus the Magician (DEFE)                    Turns: 3318, Time: 00:13:24

Health: -2/28      AC:  2    Str:  5    XL:     5   Next: 39%
Magic:  5/15       EV: 13    Int: 21    God:
Gold:   202        SH:  0    Dex: 15    Spells: 6/15 levels left

rFire    . . .     SeeInvis .   (no weapon)
rCold    . . .     Gourm    .   (no shield)
rNeg     . . .     Faith    .   a - +0 robe
rPois    .         Spirit   .   (no helmet)
rElec    .         Reflect  .   (no cloak)
rCorr    .         Harm     .   (no gloves)
MR       .....                  (no boots)
Stlth    ++........             (no amulet)
HPRegen  0.09/turn              (no ring)
MPRegen  0.14/turn              (no ring)

@: no status effects
A: no striking features
a: no special abilities


You were on level 4 of the Dungeon.
You were not hungry.

You visited 1 branch of the dungeon, and saw 4 of its levels.

You collected 202 gold pieces.

Inventory:

Hand Weapons
 g - a +1 dagger of flaming
Armour
 a - a +0 robe (worn)
 h - a +0 pair of boots
Scrolls
 e - 4 scrolls of remove curse
 l - a scroll of enchant weapon
 m - a scroll of fog
 n - 2 scrolls of teleportation
Potions
 d - 2 potions of heal wounds
 i - a potion of brilliance
 j - a potion of flight
 o - a potion of curing
 p - a potion of lignification {unknown}
 q - a potion of might
Books
 b - a book of Flames

   Spells                             Type                      Level
   a - Flame Tongue                   Conjuration/Fire             1
   b - Throw Flame                    Conjuration/Fire             2
   c - Conjure Flame                  Conjuration/Fire             3
   d - Inner Flame                    Hexes/Fire                   3
   e - Sticky Flame                   Conjuration/Fire             4
   f - Fireball                       Conjuration/Fire             5
Comestibles
 c - 4 rations


   Skills:
 - Level 2.4 Dodging
 - Level 2.4 Stealth
 * Level 5.8 Spellcasting
 + Level 2.9 Conjurations
 + Level 4.4 Fire Magic


You had 6 spell levels left.
You knew the following spells:

 Your Spells              Type           Power        Failure   Level  Hunger
a - Flame Tongue          Conj/Fire      ###..        2%          1    None
b - Throw Flame           Conj/Fire      ###...       3%          2    None
c - Conjure Flame         Conj/Fire      ###.....     7%          3    ##.....
d - Inner Flame           Hex/Fire       ###.....     12%         3    ##.....


Dungeon Overview and Level Annotations

Branches:
Dungeon (4/15)
 Temple: D:4-7

Altars:
Ashenzari
Cheibriados
Gozag
Hepliaklqana
Kikubaaqudgha
Okawaru
Xom


Message History

The flame tongue misses the hound.
The hound bites you.
* * * LOW HITPOINT WARNING * * *
Casting: Flame Tongue
Confirm with . or Enter, or press ? or * to list all spells.
Aiming: Flame Tongue
Press: ? - help, Shift-Dir - straight line, f/p - hound
Aim: a hound The flame tongue hits the hound.
The hound is lightly wounded.
The hound barely misses you. x2
Casting: Flame Tongue
Confirm with . or Enter, or press ? or * to list all spells.
Aiming: Flame Tongue
Press: ? - help, Shift-Dir - straight line, f/p - hound
Aim: a hound (lightly wounded)
The flame tongue misses the hound.
The hound bites you.
* * * LOW HITPOINT WARNING * * *
The hound barely misses you. The hound bites you.
You die...

### #<#
#.########
#.........
#.########
#.# #.#
#### #.#
..... #@#
$.....###h#
......)...#
....#######
.


You could see a hound.

Vanquished Creatures
  Ijyb (D:4)
  7 adders
  An ooze (D:3)
  5 worms
  A dart slug (D:1)
  A leopard gecko (D:3)
  9 orcs (D:3)
  3 giant cockroaches
  6 goblins
  2 hobgoblins
  11 jackals
  8 kobolds
  2 quokkas
  6 bats
  3 frilled lizards
  A rat (D:1)
67 creatures vanquished.

Notes
Turn   | Place    | Note
-------+----------+-------------------------------------------
     0 | D:1      | JarielCorvus the Deep Elf Fire Elementalist began the quest for the Orb.
     0 | D:1      | Reached XP level 1. HP: 10/10 MP: 6/6
   206 | D:1      | Reached XP level 2. HP: 10/15 MP: 2/8
   655 | D:2      | Learned a level 2 spell: Throw Flame
   811 | D:2      | Reached skill level 4 in Spellcasting
   811 | D:2      | Reached XP level 3. HP: 19/19 MP: 5/10
  1081 | D:2      | Learned a level 3 spell: Conjure Flame
  1085 | D:2      | Learned a level 3 spell: Inner Flame
  1467 | D:3      | Reached XP level 4. HP: 21/24 MP: 7/12
  1782 | D:3      | Found a snail-covered altar of Cheibriados.
  1799 | D:3      | Reached skill level 5 in Spellcasting
  2529 | D:3      | Reached XP level 5. HP: 24/28 MP: 6/14
  2709 | D:3      | Found a shattered altar of Ashenzari.
  2709 | D:3      | Found a shimmering altar of Xom.
  2709 | D:3      | Found an ancient bone altar of Kikubaaqudgha.
  2738 | D:3      | Found a hazy altar of Hepliaklqana.
  2746 | D:3      | Found an opulent altar of Gozag.
  2967 | D:3      | Found an iron altar of Okawaru.
  3301 | D:4      | Noticed Ijyb
  3310 | D:4      | Killed Ijyb
  3318 | D:4      | Slain by a hound

Skill      XL: |  1  2  3  4 |
---------------+-------------+-----
Spellcasting   | 4 5 |  5.8
Conjurations   | 2 |  2.9
Fire Magic     | 4 |  4.4
Dodging        | |  2.4
Stealth        | |  2.4

Action                   |  1- 3 |  4- 6 || total
-------------------------+-------+-------++-------
 Cast: Flame Tongue      |    64 |    90 ||   154
       Throw Flame       |     2 |     4 ||     6
  Use: Scroll            |     2 |    10 ||    12
       Potion            |     1 |       ||     1
  Eat: Chunk             |     2 |       ||     2
       Ration            |       |     2 ||     2
Armor: Robe              |     7 |     3 ||    10
Dodge: Dodged            |    20 |    40 ||    60
